 Dungeon Crawl Stone Soup version 0.31.0-12-g77e489cdc1 (webtiles) character file.

Game seed: 7801026696921659019

8036 PriceMaster the Arsonist (level 11, 0/60 (63) HPs)
             Began as an Octopode Fire Elementalist on Feb 25, 2024.
             Was a Priest of Vehumet.
             Slain by a +1 mace of chaos (13 damage)
             ... on level 10 of the Dungeon.
             The game lasted 00:28:48 (12713 turns).

PriceMaster the Arsonist (OpFE)                    Turns: 12713, Time: 00:28:49

HP:   0/60 (63)     AC:  5    Str: 13    XL:     11   Next: 24%
MP:   8/23          EV: 14    Int: 34    God:    Vehumet [***...]
Gold: 378           SH:  0    Dex: 15    Spells: 13/26 levels left

rFire   + . .        n - +7 mace of Dim Light {freeze, Dex+3}
rCold   . . .        b - orb {mayhem}
rNeg    . . .        h - +0 hat {Int+3}
rPois   +            (no amulet)
rElec   .            m - +4 ring of protection
rCorr   .            s - +6 ring of intelligence
SInv    .            t - ring of willpower
Will    +....        v - ring of poison resistance
Stlth   ++++++       A - +6 ring of intelligence
HPRegen 0.00/turn    (no ring)
MPRegen 0.18/turn    (no ring)
                     (no ring)

%: mayhem
@: mighty, weakened, inhibited regen, lightly drained
A: almost no armour, amphibious, 8 rings, camouflage 1, gelatinous body 1,
(nimble swimmer 1), tentacles, fire resistance 1, inhibited regeneration, strong
1
a: Renounce Religion


You were on level 10 of the Dungeon.
You worshipped Vehumet.
Vehumet was most pleased with you.
You visited 2 branches of the dungeon, and saw 11 of its levels.

You collected 576 gold pieces.
You spent 198 gold pieces at shops.

Inventory:

Hand Weapons
 d - a +0 dagger of chaos
 k - a +1 dagger of venom
 n - the +7 mace of Dim Light (weapon) {freeze, Dex+3}
   (You found it on level 3 of the Dungeon)

   Dex+3:     It affects your dexterity (+3).
Armour
 a - a +1 hat
 b - an orb of mayhem (worn)
 h - a +0 hat of intelligence (worn)
Jewellery
 m - a +4 ring of protection (left tentacle)
 s - a +6 ring of intelligence (right tentacle)
 t - a ring of willpower (on tentacle)
 v - a ring of poison resistance (on tentacle)
 A - a +6 ring of intelligence (on tentacle)
Talismans
 j - a beast talisman
Wands
 e - a wand of iceblast (3)
 D - a wand of acid (2)
Scrolls
 f - 2 scrolls of enchant weapon
 o - 4 scrolls of revelation
 w - 3 scrolls of teleportation
 y - a scroll of amnesia
Potions
 g - 2 potions of enlightenment
 i - 3 potions of attraction
 B - a potion of lignification {unknown}


   Skills:
 + Level 1.1 Fighting
 - Level 0.1 Short Blades
 + Level 2.4 Maces & Flails
 + Level 3.2 Dodging
 * Level 10.9 Stealth
 + Level 8.0 Spellcasting
 + Level 3.1 Conjurations
 + Level 4.1 Hexes
 * Level 11.2 Fire Magic
 + Level 1.4 Shapeshifting


You had 13 spell levels left.
You knew the following spells:

 Your Spells              Type           Power      Damage    Failure   Level
a - Foxfire               Conj/Fire      100%       2x1d9     1%          1
b - Scorch                Fire           100%       2d9       1%          2
c - Inner Flame           Hex/Fire       60%        N/A       1%          3
d - Hailstorm             Conj/Ice       24%        3d7       1%          3
e - Fulminant Prism       Conj/Alch      12%        3d8       4%          4

Your spell library contained the following spells:

 Spells                   Type           Power      Damage    Failure   Level
 Slow                     Hex            100%       N/A       1%          1
 Confusing Touch          Hex            41%        N/A       1%          3
 Sigil of Binding         Hex            41%        N/A       1%          3
 Volatile Blastmotes      Fire/Tloc      100%       2d18      1%          3
 Flame Wave               Conj/Fire      58%        2d14      1%          4
 Sticky Flame             Fire/Alch      51%        2d9       1%          4
 Frozen Ramparts          Ice            26%        1d4       2%          3
 Fugue of the Fallen      Necr           13%        N/A       10%         3
 Ozocubu's Armour         Ice            13%        N/A       10%         3
 Vampiric Draining        Necr           13%        2d6       10%         3
 Leda's Liquefaction      Alch/Erth      6%         N/A       32%         4
 Manifold Assault         Tloc           13%        N/A       32%         4
 Petrify                  Alch/Erth      13%        N/A       32%         4
 Metabolic Englaciation   Hex/Ice        13%        N/A       36%         5


Dungeon Overview and Level Annotations

Branches:
Dungeon (10/15)            Temple (0/1) D:6            Lair (1/5) D:9
    Orc: D:9-12

Altars:
Ashenzari
Hepliaklqana
Okawaru
Ru
Sif Muna
Trog
Uskayaw
Vehumet
Wu Jian
Xom
Zin
The Shining One

Shops:
D:3 [   D:4 *

Annotations:
D:10 Midpoint's ghost, journeyman GnCK


Innate Abilities, Weirdness & Mutations

You cannot wear most types of armour.
You are amphibious.
You can wear up to eight rings at the same time.
Your skin changes colour to match your surroundings (Stealth+).
Your rubbery body absorbs attacks. (AC +1, EV +1)
((You are camouflaged when in or above water. (Stealth+)))
You have tentacles for arms and can constrict up to eight enemies at once.
Your flesh is heat resistant. (rF+)
You do not regenerate when monsters are visible.
Your muscles are strong. (Str +4, Int/Dex -1)


Message History

Your fulminant prism explodes!
You start resting.
Something unseen opens the door.
You start resting.
Midpoint's ghost is nearby!
Casting: Fulminant Prism (dangerous; 4% risk of failure)
Confirm with . or Enter, or press ? or * to list all spells.
Aiming: Fulminant Prism (dangerous; 4% risk of failure)
Press: ? - help, Dir - move target You conjure a prism of explosive energy!
A fulminant prism comes into view.
Midpoint's ghost ripples.
Midpoint's ghost hits your fulminant prism but does no damage.
Your fulminant prism crackles loudly.
The +1 mace of chaos hits your fulminant prism!
Your fulminant prism explodes!
The blast of energy engulfs Midpoint's ghost.
Flame seeps out of Midpoint's ghost.
Midpoint's ghost is lightly damaged.
The blast of energy engulfs the +1 mace of chaos.
The +1 mace of chaos is lightly damaged.
Okay, then.
A wraith comes into view.
Found a scroll of identify.
Midpoint's ghost's inner flame fades away.
The +1 mace of chaos attacks as it pursues you!
The +1 mace of chaos hits you! The +1 mace of chaos freezes you!
The +1 mace of chaos hits you.
You feel your attacks grow feeble. The +1 mace of chaos hits you!
You feel drained.
The +1 mace of chaos attacks as it pursues you!
The +1 mace of chaos hits you!
* * * LOW HITPOINT WARNING * * *
You feel drained.
* * * LOW HITPOINT WARNING * * *
You feel better. The +1 mace of chaos hits you.
* * * LOW HITPOINT WARNING * * *
You feel very mighty all of a sudden. The +1 mace of chaos hits you!
You die...

******###########################
,,,,,,...........................
,,*,,*#...#..#.....#..#..#....#..
,,,,...........?#..#.............
,,,,............#.....<.###......
,,,,.....#...#W(@.###.#.# #.#..#.
,**,,....#.....####.'...# #......
,**,,*#........#....#...# #....##
,**,.##........#.##.#.#.# #....+.
,#*,...........#.####...###....#.
.##,*###.##..#.'.#.........#'###.
..,,* #..W....#.#.#.....#.#.....
.#*** #....######.#..#..#.######
.# #....# ####....#....# #


You could see a wraith and a +1 mace of chaos.

Vanquished Creatures
  3 death yaks (D:9)
  2 two-headed ogres
  Jeremiah (D:6)
  A polar bear (D:9)
  A hornet (D:10)
  Prince Ribbit (D:9)
  A wyvern (D:8)
  A yak (D:10)
  An acid dragon (D:8)
  2 orc warriors
  2 sky beasts
  2 ice beasts
  3 wolves (D:9)
  2 ogres (D:5)
  2 centaurs
  2 phantoms
  2 kobold brigands
  3 bullfrogs
  A gnoll sergeant (D:9)
  5 scorpions
  18 wights
  4 killer bees (D:8)
  2 bombardier beetles
  3 orc priests
  A sleepcap (D:5)
  5 hounds
  2 jellies (D:5)
  2 iguanas
  5 orc wizards
  2 hell rats (D:9)
  8 adders
  9 gnolls
  A river rat (D:9)
  2 white imps
  4 ufetubi
  4 dart slugs
  3 ribbon worms
  13 orcs
  9 endoplasms
  7 giant cockroaches
  9 goblins
  6 hobgoblins
  3 jackals (D:5)
  16 kobolds
  10 quokkas
  7 ball pythons
  4 bats
  6 frilled lizards
  9 rats
  2 butterflies (D:7)
214 creatures vanquished.

Vanquished Creatures (collateral kills)
  A kobold brigand (D:9)
  A gnoll (D:9)
  A giant cockroach (D:6)
  2 kobolds
5 creatures vanquished.

Vanquished Creatures (others)
  A killer bee (D:8)
  A gnoll (D:9)
  283 foxfires
  4 fulminant prisms (D:10)
289 creatures vanquished.

Grand Total: 508 creatures vanquished

Notes
Turn   | Place    | Note
-------+----------+-------------------------------------------
     0 | D:1      | PriceMaster the Octopode Fire Elementalist began the quest
                  | for the Orb.
     0 | D:1      | Reached XP level 1. HP: 11/11 MP: 3/3
   101 | D:1      | Reached XP level 2. HP: 11/17 MP: 0/5
   274 | D:1      | Learned a level 2 spell: Scorch
   656 | D:1      | Reached XP level 3. HP: 21/21 MP: 6/6
  1121 | D:2      | Reached XP level 4. HP: 11/27 MP: 2/7
  1133 | D:2      | Reached skill level 4 in Fire Magic
  1893 | D:3      | Reached XP level 5. HP: 27/31 MP: 4/9
  1897 | D:3      | Learned a level 3 spell: Inner Flame
  2112 | D:3      | Found a hazy altar of Hepliaklqana.
  2236 | D:3      | Found a radiant altar of Vehumet.
  2329 | D:3      | Identified the +7 mace of Dim Light {freeze, Dex+3}
  2347 | D:3      | Became a worshipper of Vehumet
  2696 | D:3      | Found a faded altar of an unknown god.
  2833 | D:3      | Found Wieschemu's Antique Armour Boutique.
  2840 | D:3      | Bought a hat for 108 gold pieces
  3099 | D:4      | Reached XP level 6. HP: 36/36 MP: 4/10
  3283 | D:4      | Found a broken altar of Ashenzari.
  3408 | D:4      | Reached skill level 5 in Fire Magic
  3954 | D:4      | Found Zosot's Neck Hole.
  4000 | D:5      | Entered Level 5 of the Dungeon
  4003 | D:5      | Reached skill level 5 in Stealth
  4003 | D:5      | Reached XP level 7. HP: 42/42 MP: 6/12
  4135 | D:5      | Reached skill level 1 in Hexes
  4223 | D:5      | Reached * piety under Vehumet
  4223 | D:5      | Offered knowledge of Freeze by Vehumet.
  4302 | D:5      | Reached skill level 6 in Fire Magic
  4470 | D:5      | Reached XP level 8. HP: 47/47 MP: 1/14
  4691 | D:5      | Reached skill level 1 in Maces & Flails
  4768 | D:5      | Found a shimmering blue altar of Sif Muna.
  5037 | D:6      | Noticed Jeremiah
  5042 | D:6      | Killed Jeremiah
  5043 | D:6      | Reached skill level 5 in Spellcasting
  5043 | D:6      | Reached skill level 1 in Shapeshifting
  5346 | D:6      | Reached skill level 7 in Fire Magic
  5357 | D:6      | Reached skill level 1 in Fighting
  5511 | D:6      | Reached XP level 9. HP: 51/53 MP: 3/17
  5971 | D:6      | Reached ** piety under Vehumet
  6025 | D:6      | Found a hide-covered altar of Uskayaw.
  6067 | D:6      | Found a staircase to the Ecumenical Temple.
  6190 | D:6      | Found a bloodstained altar of Trog.
  6193 | D:6      | Offered knowledge of Searing Ray by Vehumet.
  6617 | D:6      | Found a glowing golden altar of the Shining One.
  6617 | D:6      | Found an ornate altar of the Wu Jian Council.
  6666 | D:6      | Reached skill level 8 in Fire Magic
  7033 | D:7      | Offered knowledge of Hailstorm by Vehumet.
  7136 | D:7      | Found a shimmering altar of Xom.
  7158 | D:7      | Learned a level 3 spell: Hailstorm
  8800 | D:8      | Noticed a two-headed ogre
  8808 | D:8      | Killed a two-headed ogre
  8809 | D:8      | Reached skill level 9 in Fire Magic
  8809 | D:8      | Reached XP level 10. HP: 58/58 MP: 9/20
  8994 | D:8      | Found an iron altar of Okawaru.
  9352 | D:8      | Reached *** piety under Vehumet
 10056 | D:9      | Noticed a two-headed ogre
 10061 | D:9      | Killed a two-headed ogre
 10062 | D:9      | Reached skill level 10 in Stealth
 10560 | D:9      | Offered knowledge of Fulminant Prism by Vehumet.
 10572 | D:9      | Reached skill level 10 in Fire Magic
 10728 | D:9      | Identified the serpent talisman of Noughts and Crosses
                  | {rElec Will+ Dex-3}
 10771 | D:9      | Noticed a death yak
 10774 | D:9      | Noticed Prince Ribbit
 10774 | D:9      | Noticed a death yak
 10777 | D:9      | Noticed a death yak
 10778 | D:9      | Killed a death yak
 10782 | D:9      | Killed a death yak
 10786 | D:9      | Killed a death yak
 10787 | D:9      | Reached XP level 11. HP: 63/63 MP: 10/22
 10805 | D:9      | Killed Prince Ribbit
 10889 | D:9      | Found a staircase to the Lair.
 11287 | Lair:1   | Entered Level 1 of the Lair of Beasts
 11333 | D:9      | Reached skill level 11 in Fire Magic
 11974 | D:10     | Entered Level 10 of the Dungeon
 11976 | D:10     | Found a glowing silver altar of Zin.
 11977 | D:10     | Found Zin's Purification Station.
 11983 | D:10     | Bought a potion of curing for 90 gold pieces
 12006 | D:10     | Found a runed translucent door.
 12006 | D:10     | Found a shimmering altar of Xom.
 12006 | D:10     | Noticed Midpoint's ghost (journeyman GnCK)
 12006 | D:10     | Noticed a +1 mace of chaos
 12197 | D:10     | Gained mutation: You are robust. (+10% HP) [potion of
                  | mutation]
 12197 | D:10     | Gained mutation: You are vulnerable to heat. (rF-) [potion
                  | of mutation]
 12383 | D:10     | Lost mutation: You are vulnerable to heat. (rF-) [potion of
                  | mutation]
 12383 | D:10     | Lost mutation: You are robust. (+10% HP) [potion of
                  | mutation]
 12383 | D:10     | Gained mutation: You possess an exceptional clarity of
                  | mind. [potion of mutation]
 12383 | D:10     | Gained mutation: Your system is resistant to poisons.
                  | (rPois) [potion of mutation]
 12384 | D:10     | Lost mutation: You possess an exceptional clarity of mind.
                  | [potion of mutation]
 12384 | D:10     | Lost mutation: Your system is resistant to poisons. (rPois)
                  | [potion of mutation]
 12384 | D:10     | Gained mutation: Your muscles are strong. (Str +4, Int/Dex
                  | -1) [potion of mutation]
 12384 | D:10     | Gained mutation: Your flesh is heat resistant. (rF+)
                  | [potion of mutation]
 12384 | D:10     | Gained mutation: You do not regenerate when monsters are
                  | visible. [potion of mutation]
 12463 | D:10     | Found a sacrificial altar of Ru.
 12664 | D:10     | Learned a level 4 spell: Fulminant Prism
 12713 | D:10     | Slain by a +1 mace of chaos

Illustrated notes

Levels and vault maps discovered:
D:1:      giann_bridges, layout_loops_ring
D:2:      layout_basic, chequers_serial_rivers_marsh
D:3:      layout_basic, mainiacjoe_overflow_cross_hatched,
          mainiacjoe_overflow_surrounded_room,
          hellmonk_ecumenical_altar_pennies_from_heaven, serial_shops,
          nicolae_shop_overgrown_old_shop
D:4:      layout_cave_pools, nicolae_ashenzari_skybound, st_stairs_10,
          nicolae_shop_sticking_my_neck_out
D:5:      layout_cave_pools, tgw_sif, serial_bayou_crossing
D:6:      layout_loops_ring, mainiacjoe_overflow_concentric_impassable,
          mainiacjoe_overflow_24_doors, gammafunk_temple_overflow_pools,
          minmay_temple_entry_proselytizer, serial_glass, glass_columns_a,
          glass_columns_a, gup_sewer_entry_pipe, kennysheep_generic_room_9,
          uniq_jeremiah
D:7:      layout_basic, xom_butterflies
D:8:      layout_basic, nicolae_overflow_hidden_temple,
          small_chamber_with_monster
D:9:      layout_loops_ring, dpeg_lair_monsters, st_stairs_3,
          uniq_prince_ribbit1
D:10:     layout_stronghold, mainiacjoe_overflow_alcove_1, zin_purify,
          serial_shops, nicolae_shop_overgrown_old_shop,
          nicolae_trove_entry_isolated, ebering_ghost_xom, minmay_the_grid_2x2
          [minmay_the_grid_tree, minmay_the_grid_armoury, minmay_the_grid_empty,
          minmay_the_grid_prize_four_corners]
Lair:1:   layout_regular_city, evilmike_ambush [evilmike_ambush_outer_pillars,
          evilmike_ambush_inner_cross]

Skill      XL: |  1  2  3  4  5  6  7  8  9 10 11 |
---------------+----------------------------------+-----
Stealth        | 3 4 5 6 9 10 | 10.9
Fire Magic     | 4 5 6 7 9 10 11 | 11.2
Spellcasting   | 3 4 5 6 7 8 |  8.0
Hexes          | 1 2 3 4 |  4.1
Conjurations   | 2 3 |  3.1
Maces & Flails | 1 2 |  2.4
Dodging        | 3 |  3.2
Shapeshifting  | 1 |  1.4
Fighting       | 1 |  1.1
Short Blades   | |  0.1

Action                     |  1- 3 |  4- 6 |  7- 9 | 10-12 || total
---------------------------+-------+-------+-------+-------++-------
  Melee: Unarmed           |     8 |       |       |       ||     8
         Constrict         |     6 |     4 |    13 |     1 ||    24
         Tentacles         |     3 |     7 |     8 |     2 ||    20
         Dagger            |    16 |    17 |       |       ||    33
         Punch             |     1 |     1 |     1 |       ||     3
         Mace              |       |    16 |    53 |    12 ||    81
   Cast: Foxfire           |    27 |    41 |    59 |    46 ||   173
         Scorch            |    10 |    15 |    35 |    45 ||   105
         Inner Flame       |       |    14 |    48 |    36 ||    98
         Hailstorm         |       |       |     2 |     4 ||     6
         Fulminant Prism   |       |       |       |     4 ||     4
  Evoke: Wand              |       |       |       |     6 ||     6
    Use: Potion            |     1 |     1 |     2 |    12 ||    16
         Scroll            |       |     5 |     2 |    13 ||    20
   Stab: Sleeping          |       |     3 |     3 |       ||     6
 Armour: Skin              |    13 |    22 |    49 |    53 ||   137
  Dodge: Dodged            |    25 |    32 |    53 |    41 ||   151
   Form: Beast             |     1 |       |       |     1 ||     2
                           |       |       |       |     2 ||     2
